 Dungeon Crawl Stone Soup version 0.31-a0-145-g046c7d2549 (webtiles) character file.

Game seed: 7244594453848935105

369851 dupek999 the Warrior (level 21, -5/182 (183) HPs)
             Began as a Demonspawn Delver on Oct 12, 2022.
             Was the Champion of Nemelex Xobeh.
             Killed by a resonance strike
             ... invoked by a ragged hierophant
              (8 damage)
             ... in the Desolation of Salt on June 7, 2023.
             The game lasted 03:48:25 (58120 turns).

dupek999 the Warrior (Demonspawn Delver)           Turns: 58120, Time: 03:48:26

HP:   -5/182 (183)  AC: 36    Str: 22    XL:     21   Next: 67%
MP:   0/34          EV: 14    Int: 12    God:    Nemelex Xobeh [******]
Gold: 1170          SH:  0    Dex: 18    Spells: 20/20 levels left

rFire   + +          +
                       - Unarmed
rCold   + + +        (no shield)
rNeg    . . .        T - +2 gold dragon scales
rPois   +            U - +2 hat {Stlth+}
rElec   .            I - scarf {rC+ rF+}
rCorr   +            (gloves unavailable)
SInv    .            B - +2 pair of boots
Will    ++...        A - amulet "Kuwk" {Spirit rF+ rCorr} Stlth
                     k - +4 ring of protection
HPRegen 0.50/turn    K - ring of protection from cold
MPRegen 0.48/turn

%: guardian spirit
@: elixired, lightly drained
A: slimy green scales 3, demonic guardian 3, magic shield, magic regeneration,
demonic willpower, demonic touch 3, agile 1, sturdy frame 1
}: 2/15 runes: decaying, serpentine
a: Renounce Religion, Draw Escape, Draw Destruction, Draw Summoning, Draw Stack,
Triple Draw, Deal Four, Stack Five


You were in the Desolation of Salt.
You worshipped Nemelex Xobeh.
Nemelex Xobeh was exalted by your worship.
You visited 8 branches of the dungeon, and saw 37 of its levels.
You visited 1 bazaar.
You also visited: Sewer, Gauntlet, Ice Cave, Wizlab and Desolation.

You collected 3867 gold pieces.
You spent 2697 gold pieces at shops.

Inventory:

Missiles
 u - 12 boomerangs of dispersal (quivered)
Armour
 B - a +2 pair of boots (worn)
 I - a scarf of resistance (worn)
 T - +2 gold dragon scales (worn)
 U - a +2 hat of stealth (worn)
Jewellery
 c - a ring of protection from fire
 k - a +4 ring of protection (left hand)
 l - a ring of see invisible
 n - a ring of fire
 t - an amulet of the acrobat
 A - the amulet "Kuwk" (around neck) {Spirit rF+ rCorr}
   (You bought it in a shop on level 2 of the Orcish Mines)

   [amulet of guardian spirit]

   It causes incoming damage to be divided between your reserves of health and
   magic.
   rF:        It protects you from fire.
   rCorr:     It protects you from acid and corrosion.
 D - the ring "Kedwini" {+Blink rElec rF+ Will- Dex+3}
   (You took it off a vampire knight on level 2 of the Depths)

   [ring of protection from fire]

   Dex:       It affects your dexterity (+3).
   rF:        It protects you from fire.
   rElec:     It insulates you from electricity.
   +Blink:    It lets you blink.
   Will:      It decreases your willpower.
 E - a +4 ring of protection
 F - a +6 ring of strength
 G - a +6 ring of dexterity
 J - the ring of Aczur {Will+ Int+6}
   (You took it off a minotaur in a Gauntlet)

   [ring of intelligence]

   Int:       It affects your intelligence (+6).
   Will:      It increases your willpower.
 K - a ring of protection from cold (right hand)
 N - an amulet of regeneration
 V - a ring of resist corrosion
Wands
 m - a wand of charming (11)
 y - a wand of flame (69)
 O - a wand of mindburst (29)
 R - a wand of digging (5)
Scrolls
 a - 4 scrolls of magic mapping
 b - 6 scrolls of fog
 f - 9 scrolls of teleportation
 i - 8 scrolls of enchant weapon
 x - 7 scrolls of amnesia
 z - 22 scrolls of identify
 P - a scroll of silence
 S - 4 scrolls of poison
Potions
 d - 2 potions of mutation
 e - a potion of cancellation
 g - 4 potions of resistance
 h - 10 potions of attraction
 j - 3 potions of might
 o - 6 potions of enlightenment
 p - 21 potions of curing
 q - 6 potions of lignification
 r - a potion of heal wounds
 s - 8 potions of ambrosia
 v - 6 potions of magic
 w - 9 potions of brilliance
 C - 5 potions of haste
 H - 2 potions of berserk rage
Miscellaneous
 L - a lightning rod (1/4)
 M - a phantom mirror
 X - a tin of tremorstones (2/2)


   Skills:
 * Level 20.2 Fighting
 + Level 16.2 Armour
 * Level 18.6 Dodging
 - Level 6.0 Stealth
 * Level 18.6 Unarmed Combat
 + Level 18.0 Invocations
 - Level 6.0 Evocations


You had 20 spell levels left.
You didn't know any spells.
Your spell library contained the following spells:

 Spells                   Type           Power      Damage    Failure   Level
 Kiss of Death            Conj/Necr      0%         2d5       99%         1
 Magic Dart               Conj           0%         1d3       99%         1
 Shock                    Conj/Air       0%         1d3       99%         1
 Blink                    Tloc           0%         N/A       100%        2
 Call Imp                 Summ           0%         N/A       100%        2
 Cigotuvi's Dreadful Rot  Necr/Pois/Air  0%         N/A       100%        2
 Poisonous Vapours        Pois/Air       0%         N/A       100%        2
 Static Discharge         Conj/Air       0%         2-2/arc   100%        2
 Call Canine Familiar     Summ           0%         N/A       100%        3
 Confusing Touch          Hex            0%         N/A       100%        3
 Dazzling Flash           Conj/Hex       0%         N/A       100%        3
 Ignite Poison            Fire/Tmut/Pois 0%         N/A       100%        3
 Inner Flame              Hex/Fire       0%         N/A       100%        3
 Mephitic Cloud           Conj/Pois/Air  0%         N/A       100%        3
 Portal Projectile        Hex/Tloc       0%         N/A       100%        3
 Spider Form              Tmut/Pois      0%         N/A       100%        3
 Swiftness                Air            0%         N/A       100%        3
 Volatile Blastmotes      Fire/Tloc      0%         2d10      100%        3
 Airstrike                Air            0%         2d(0-16)  100%        4
 Anguish                  Hex/Necr       0%         N/A       100%        4
 Cause Fear               Hex            0%         N/A       100%        4
 Dispel Undead            Necr           0%         3d6       100%        4
 Flame Wave               Conj/Fire      0%         2d4       100%        4
 Fulminant Prism          Conj/Hex       0%         3d5       100%        4
 Iskenderun's Mystic Bla  Conj/Tloc      0%         2d3       100%        4
 Leda's Liquefaction      Hex/Erth       0%         N/A       100%        4
 Manifold Assault         Tloc           0%         N/A       100%        4
 Olgreb's Toxic Radiance  Pois           0%         N/A       100%        4
 Sticky Flame             Conj/Fire      0%         2d3       100%        4
 Summon Ice Beast         Ice/Summ       0%         N/A       100%        4
 Summon Lightning Spire   Summ/Air       0%         N/A       100%        4
 Agony                    Necr           0%         N/A       100%        5
 Fireball                 Conj/Fire      0%         3d3       100%        5
 Freezing Cloud           Conj/Ice/Air   0%         6-21      100%        5
 Iskenderun's Battlesphe  Conj           0%         2d6       100%        5
 Lee's Rapid Deconstruct  Erth           0%         3d4*      100%        5
 Lightning Bolt           Conj/Air       0%         1d11      100%        5
 Silence                  Hex/Air        0%         N/A       100%        5
 Summon Mana Viper        Hex/Summ       0%         N/A       100%        5
 Conjure Ball Lightning   Conj/Air       0%         3x3d6     100%        6
 Simulacrum               Ice/Necr       0%         N/A       100%        6
 Enfeeble                 Hex            0%         N/A       100%        7
 Monstrous Menagerie      Summ           0%         N/A       100%        7
 Orb of Destruction       Conj           0%         9d5       100%        7
 Storm Form               Tmut/Air       0%         N/A       100%        7
 Polar Vortex             Ice            0%         N/A       100%        9


Dungeon Overview and Level Annotations

Branches:
Dungeon (15/15)            Temple (0/1) D:7            Lair (5/5) D:8
  Swamp (4/4) Lair:2        Snake (4/4) Lair:2          Orc (2/2) D:11
    Elf (2/3) Orc:2        Vaults (1/5) D:13         Depths (4/4) D:15
    Zot (0/5) Depths:4      Sewer (visited)           IceCv (visited)
 WizLab (visited)         Desolation (1/1)          Gauntlet (visited)
  Slime: Lair:4-5

Altars:
Ashenzari
Fedhas
Gozag
Kikubaaqudgha
Makhleb
Nemelex Xobeh
Okawaru
Ru
Sif Muna
Vehumet
Xom
Jiyva
Lugonu

Shops:
D:4 (   D:14 *   Orc:2 =**[(*   Elf:1 (=(   Elf:2 :   Snake:1 *([:   Snake:3 (
Depths:2 *   Depths:3 :

Portals:
Hell: Depths:1 Depths:2 Depths:3 Depths:4
Abyss: Depths:3 Depths:4
Pandemonium: Depths:2
Ziggurat: Depths:3
Trove: Depths:1 (give +5 ice dragon scales)

Annotations:
Lair:4 exclusion: oklob plant
Swamp:3 3 runed translucent doors, Morbidden's ghost, adept DrMo; borntocrawl's ghost, adept OgCA
Depths:4 4 transporters


Innate Abilities, Weirdness & Mutations

You are completely covered in slimy green scales. (AC +4, rPois)
A powerful demonic guardian rushes to your aid.
When hurt, damage is shared between your health and your magic reserves.
You regenerate magic rapidly.
You punish those that try to bend your will. (Will+)
Your touch may irresistibly damage your foes and sap their willpower.
You are agile. (Dex +4, Str/Int -1)
Your movements are slightly less encumbered by armour. (ER -2)


Message History

The peacekeeper roars a battlecry!
The golems go into a battle-frenzy!
A saltling comes into view.
The saltling closely misses you.
The peacekeeper roars a battlecry!
The ragged hierophant gestures wildly while chanting.
The ragged hierophant begins to accept its allies' injuries.
The peacekeeper bites you!
* * * LOW HITPOINT WARNING * * *
The peacekeeper claws you but does no damage.
The saltling closely misses you.
A saltling comes into view.
The servant of whispers closely misses dupek999's illusion.
A saltling comes into view.
You deal a card...
You have dealt the Elixir.
You begin rapidly regenerating health and magic.
The deck of cards glows slightly and disappears.
The ragged hierophant shouts!
A peacekeeper comes into view.
The peacekeeper bites you but does no damage.
The peacekeeper claws you but does no damage.
The saltling hits you but does no damage.
The ragged hierophant gestures wildly while chanting.
The ragged hierophant begins to accept its allies' injuries.
The saltling hits you.
* * * LOW HITPOINT WARNING * * *
A demonic guardian appears!
The ragged hierophant points at you and mumbles some strange words.
A blast of power from the earth and the adjacent constructs strikes you!
* * * LOW HITPOINT WARNING * * *
The ragged hierophant gestures at you while chanting.
A blast of power from the earth and the adjacent constructs strikes you!
* * * LOW HITPOINT WARNING * * *
Dupek999's illusion hits the servant of whispers!!
The air resumes its normal movements.
The servant of whispers dies!
The ragged hierophant gestures at you while chanting.
A blast of power from the earth and the adjacent constructs strikes you!
You die...
Your body glows slightly and disappears.

#######################
######################## ######
#################################
#################################
#################################
#################################
#################################
..............1.##...............
..............@9@aaa.9.9.........
..9...........)99a9..9..........k
..............999............cN##
a..9.9.........989.........&...#
.....L.......9....99♣......(...#
.9.)#9...9.9.9.....9.....c.Y...#p
).a.......9......99aa...9..c...#.
.a............99......#.
.8......9.a.....#.


You could see 4 ragged hierophants, 3 servants of whispers, 3 crystal guardians,
5 peacekeepers, 14 saltlings, a friendly Brimstone Fiend (summoned) and the
friendly dupek999's illusion (summoned).

Vanquished Creatures
  A juggernaut (Depths:3)
  A golden dragon (Depths:3)
  A Cloud Mage (WizLab)
  5 tentacled monstrosities
  A quicksilver dragon (Depths:3)
  A walking divine tome (Depths:3)
  2 walking earthen tomes (Depths:3)
  A walking frostbound tome (Depths:3)
  2 sphinxes
  3 shadow dragons
  Donald (Swamp:4)
  5 tengu reavers
  A storm dragon (Depths:4)
  12 nagarajas (Snake:4)
  An iron dragon (Depths:2)
  3 fire giants
  A draconian shifter (Depths:4)
  9 frost giants
  2 spectral juggernauts (Depths:2)
  3 spriggan defenders (Depths:3)
  14 very ugly things
  3 ghouls (Swamp:1)
  A quicksilver ooze (WizLab)
  7 stone giants
  A minotaur (Snake:4)
  4 eleionomae
  A black draconian (Depths:4)
  A halazid warlock (Desolation)
  8 spark wasps
  A red draconian (Depths:4)
  A purple draconian (Depths:4)
  A yellow draconian (Depths:4)
  An eidolon (Depths:2)
  4 bunyips
  2 ettins
  A white draconian (IceCv)
  A crystal guardian (Desolation)
  2 spectral golden dragons (Depths:2)
  4 deep elf death magi
  2 blizzard demons (WizLab)
  4 fire dragons
  A fire dragon (shapeshifter) (Depths:3)
  3 salamander tyrants
  2 shambling mangroves (Swamp:3)
  3 jiangshi (Depths:2)
  3 vault guards (D:13)
  A ragged hierophant (Desolation)
  An ice dragon (shapeshifter) (Depths:4)
  A hell beast (Depths:2)
  12 hydras
  11 ice dragons
  6 ghost crabs
  8 spriggan air magi
  An ogre mage (D:15)
  7 ironbound frosthearts (IceCv)
  4 servants of whispers (Desolation)
  4 catoblepae
  8 two-headed ogres
  3 boulder beetles
  7 centaur warriors
  18 dancing weapons
  6 alligators
  7 tengu warriors
  A death scarab (Gauntlet)
  9 deep troll shamans
  2 spectral fire giants (Depths:2)
  8 deep troll earth magi
  9 anacondas
  16 naga warriors
  2 orc high priests
  9 death yaks
  2 vampire magi (Depths:2)
  8 shock serpents
  5 hell knights (Depths:3)
  A hell hog (Depths:2)
  9 spriggans
  2 spriggan berserkers (Depths:4)
  8 naga sharpshooters
  8 deep elf knights
  A shadow wraith (Depths:2)
  A salamander mystic (Snake:4)
  3 death drakes
  2 fire crabs
  5 goliath frogs
  14 deep trolls
  5 iron trolls
  A flayed ghost (Depths:2)
  7 skeletal warriors
  A spriggan druid (Swamp:3)
  8 swamp dragons
  A shadow dragon zombie (Depths:2)
  A harpy (shapeshifter) (D:13)
  An orange crystal statue (IceCv)
  An obsidian statue (Gauntlet)
  8 naga ritualists
  2 wizards
  7 bog bodies
  4 mana vipers
  4 phantasmal warriors (Depths:2)
  A harpy (Snake:1)
  A spectral iron dragon (Depths:2)
  7 deep elf archers
  A spriggan simulacrum (Elf:1)
  15 deep elf pyromancers
  10 deep elf zephyrmancers
  A tengu zombie (Depths:2)
  2 ironbound convokers (Desolation)
  A sphinx zombie (Depths:2)
  7 cyclopes
  2 orc knights (Orc:2)
  4 necromancers
  16 salamanders
  4 manticores
  A will-o-the-wisp (Swamp:4)
  6 orc sorcerers
  15 ugly things
  A fire giant zombie (Depths:2)
  A shining eye (Snake:2)
  A water nymph (shapeshifter) (Depths:3)
  9 guardian serpents
  31 black mambas
  6 elephants (Lair:5)
  4 apocalypse crabs (WizLab)
  A torpor snail (Lair:2)
  7 naga magi
  6 cane toads
  11 spectral spriggans
  A yaktaur (WizLab)
  6 kobold demonologists
  4 freezing wraiths
  2 efreet
  8 komodo dragons
  3 tengu conjurers
  13 rime drakes
  A spark wasp simulacrum (Depths:2)
  A golden dragon simulacrum (Depths:2)
  4 trolls
  A meliai (Swamp:4)
  A shadow dragon simulacrum (Depths:2)
  A wind drake (shapeshifter) (D:13)
  7 polar bears
  12 hornets
  A bloated husk (Swamp:1)
  5 tyrant leeches
  A wind drake (WizLab)
  A tengu simulacrum (Depths:2)
  9 slime creatures
  13 saltlings (Desolation)
  16 blink frogs
  A snapping turtle (shapeshifter) (Depths:2)
  A jumping spider (shapeshifter) (D:13)
  9 air elementals
  A flying skull (Depths:2)
  A slime creature (shapeshifter) (Depths:4)
  2 vampires
  Sigmund (D:5)
  2 water elementals (Elf:1)
  8 wyverns
  42 yaks
  6 shadows
  A fire elemental (Elf:2)
  4 wraiths
  8 humans (D:13)
  8 basilisks
  3 hogs
  A redback (shapeshifter) (Depths:2)
  7 redbacks
  3 steam dragons
  3 minotaur simulacra (Elf:1)
  10 vampire mosquitoes
  14 swamp worms
  A harpy simulacrum (Elf:1)
  Edmund (D:5)
  6 wargs
  30 nagas
  15 water moccasins
  2 hell hounds (D:13)
  An acid dragon (Lair:5)
  3 floating eyes
  A black bear (shapeshifter) (D:15)
  19 orc warriors
  3 sky beasts
  8 swamp drakes
  2 black bears
  19 wolves
  2 ice beasts
  5 boggarts (D:14)
  9 ogres
  11 centaurs
  8 kobold brigands
  Blork the orc (D:5)
  8 bullfrogs
  A gnoll sergeant (D:12)
  2 earth elementals (Elf:2)
  2 deep troll simulacra (Elf:1)
  8 scorpions
  8 wights
  4 killer bees (D:9)
  8 howler monkeys
  5 hounds
  17 orc priests
  6 jellies
  4 iguanas
  Ijyb (D:4)
  14 orc wizards
  3 hell rats (D:15)
  A statue (D:4)
  14 adders
  11 gnolls
  An ufetubus (D:5)
  9 worms
  4 dart slugs
  55 orcs
  2 endoplasms
  11 giant cockroaches
  14 goblins
  14 hobgoblins
  6 jackals
  37 kobolds
  5 quokkas
  13 ball pythons
  12 bats
  2 frilled lizards (D:2)
  11 rats
1292 creatures vanquished.

Vanquished Creatures (collateral kills)
  the Lernaean hydra (Swamp:4)
  Saint Roka (Orc:2)
  A doom hound (Depths:2)
  Jorgrun (Orc:2)
  2 titans (Depths:3)
  A deep elf blademaster (Elf:2)
  An ancient champion (Depths:2)
  A nagaraja (Snake:4)
  A fire giant (Depths:1)
  A frost giant (Swamp:1)
  An iron dragon (Swamp:1)
  A spectral caustic shrike (Depths:2)
  An orc warlord (Orc:2)
  A vampire knight (Depths:2)
  A stone giant (Depths:4)
  A minotaur (Gauntlet)
  Azrael (D:13)
  A bunyip (Swamp:2)
  A blizzard demon (WizLab)
  An ettin (Depths:3)
  A spriggan zombie (Depths:2)
  A fire dragon (Depths:3)
  2 jiangshi (Depths:2)
  A great orb of eyes (Gauntlet)
  6 hydras
  A servant of whispers (Desolation)
  2 ice dragons (Depths:2)
  The ghost of Stonecrops the Blocker, a journeyman FoFi of Makhleb (Orc:2)
  An ironbound frostheart (IceCv)
  2 peacekeepers (Desolation)
  2 rakshasas
  A juggernaut simulacrum (Depths:2)
  A naga warrior (Snake:3)
  A centaur warrior (D:15)
  8 dancing weapons
  The ghost of kerekes the Tainter, a novice DrVM of Sif Muna (D:9)
  2 alligators
  A boulder beetle (D:13)
  2 death yaks (Lair:5)
  A tengu warrior (Depths:1)
  2 vampire magi (Depths:2)
  2 shock serpents (WizLab)
  A naga sharpshooter (Snake:3)
  3 spriggan berserkers
  4 deep elf knights (Elf:2)
  A spectral death yak (Gauntlet)
  3 iron trolls
  A shadow wraith (Depths:2)
  4 skeletal warriors
  2 goliath frogs
  2 swamp dragons
  A deep troll (Depths:1)
  A deep elf archer (Orc:2)
  A bog body (Swamp:1)
  An orc knight (Orc:2)
  A deep elf pyromancer (Elf:2)
  2 phantasmal warriors (Depths:2)
  A mana viper (Snake:1)
  3 ugly things
  2 deep elf zephyrmancers
  A moth of wrath (Swamp:1)
  A tengu skeleton (Depths:2)
  Joseph (D:10)
  2 black mambas (Snake:4)
  2 naga magi
  A gargoyle (D:13)
  4 rime drakes
  A komodo dragon (Lair:5)
  A kobold demonologist (D:11)
  2 freezing wraiths
  2 trolls
  A tengu conjurer (Depths:1)
  A wind drake (Swamp:4)
  5 saltlings (Desolation)
  2 tyrant leeches (Swamp:1)
  12 blink frogs
  A slime creature (D:12)
  A dire elephant simulacrum (Elf:1)
  A flying skull (Depths:2)
  4 air elementals
  A human (D:13)
  7 yaks
  2 redbacks (Elf:2)
  A swamp worm (Swamp:4)
  9 nagas
  A warg (Orc:1)
  2 water moccasins
  2 hell hounds (D:13)
  3 swamp drakes
  13 orc warriors (Orc:2)
  An ogre (Orc:2)
  5 wolves
  A centaur (D:15)
  A kobold brigand (Sewer)
  A scorpion (Orc:1)
  An electric eel (Lair:2)
  A jelly (Orc:1)
  An orc priest (Orc:2)
  A hound (Orc:1)
  2 orc wizards (Orc:2)
  3 river rats (Sewer)
  11 orcs
  A giant cockroach (Orc:1)
  A quokka (Orc:1)
215 creatures vanquished.

Vanquished Creatures (others)
  An ice dragon (Depths:3)
  An alligator (Swamp:1)
  A shock serpent (Snake:3)
  A manticore (D:13)
  An apocalypse crab (WizLab)
  A wind drake (WizLab)
  A polar bear (IceCv)
  A bloated husk (Swamp:1)
  A saltling (Desolation)
  A yak (Lair:2)
  A swamp drake (Swamp:4)
  An orc warrior (Orc:2)
  A wolf (Lair:5)
  A killer bee (Orc:1)
  2 orc wizards (Orc:2)
  6 foxfires (Swamp:4)
22 creatures vanquished.

Grand Total: 1529 creatures vanquished

Notes
Turn   | Place    | Note
-------+----------+-------------------------------------------
     0 | D:5      | dupek999 the Demonspawn Delver began the quest for the Orb.
     0 | D:5      | Reached XP level 1. HP: 18/18 MP: 1/1
    17 | D:5      | Noticed a hound
    58 | D:5      | Found a glowing drain.
    94 | D:5      | Gained mutation: A weak demonic guardian rushes to your
                  | aid. [demonic ancestry]
    94 | D:5      | Reached XP level 2. HP: 16/24 MP: 2/2
   119 | D:5      | Reached skill level 1 in Armour
   168 | Sewer    | Entered a sewer
   203 | Sewer    | Reached XP level 3. HP: 25/29 MP: 3/3
   449 | Sewer    | Noticed a kobold brigand
   469 | Sewer    | Killed a kobold brigand
   470 | Sewer    | Gained mutation: You regenerate magic rapidly. [demonic
                  | ancestry]
   470 | Sewer    | Reached XP level 4. HP: 18/37 MP: 4/4
   471 | Sewer    | Noticed a kobold brigand
   482 | Sewer    | Killed a kobold brigand
   483 | Sewer    | Reached skill level 4 in Fighting
   483 | Sewer    | Gained mutation: A demonic guardian rushes to your aid.
                  | [demonic ancestry]
   483 | Sewer    | Reached XP level 5. HP: 10/42 MP: 5/5
   754 | Sewer    | Gained mutation: Your touch may inflict minor irresistible
                  | damage on your foes. [demonic ancestry]
   754 | Sewer    | Reached XP level 6. HP: 23/48 MP: 6/6
  2528 | D:1      | Found a faded altar of an unknown god.
  2700 | D:1      | Prayed at the altar of an unknown god.
  2700 | D:1      | Became a worshipper of Nemelex Xobeh the Trickster
  2700 | D:1      | Reached * piety under Nemelex Xobeh
  2993 | D:2      | Received a gift from Nemelex Xobeh
  3193 | D:2      | Found a sacrificial altar of Ru.
  3359 | D:4      | Gained mutation: You are partially covered in slimy green
                  | scales. (AC +2) [demonic ancestry]
  3359 | D:4      | Reached XP level 7. HP: 49/55 MP: 7/7
  3524 | D:4      | Noticed Ijyb
  3533 | D:4      | Reached skill level 1 in Invocations
  3543 | D:4      | Killed Ijyb
  3985 | D:4      | Reached skill level 5 in Fighting
  4066 | D:4      | Found Foh Murism's Weapon Emporium.
  4184 | D:4      | Found a radiant altar of Vehumet.
  4424 | D:5      | Reached ** piety under Nemelex Xobeh
  4489 | D:5      | Noticed Blork the orc
  4492 | D:5      | Found a burning altar of Makhleb.
  4498 | D:5      | Killed Blork the orc
  4655 | D:5      | Found an opulent altar of Gozag.
  4676 | D:5      | Noticed Edmund
  4742 | D:5      | Killed Edmund
  4743 | D:5      | Reached XP level 8. HP: 31/63 MP: 6/9
  4926 | D:5      | Noticed Sigmund
  4934 | D:5      | Killed Sigmund
  5007 | D:6      | Received a gift from Nemelex Xobeh
  5077 | D:6      | Found a broken altar of Ashenzari.
  5206 | D:6      | Reached skill level 6 in Fighting
  5206 | D:6      | Reached skill level 5 in Dodging
  5206 | D:6      | Reached skill level 5 in Unarmed Combat
  5498 | D:6      | Reached skill level 5 in Armour
  5498 | D:6      | Gained mutation: Your touch may inflict irresistible damage
                  | on your foes. [demonic ancestry]
  5498 | D:6      | Reached XP level 9. HP: 36/71 MP: 4/11
  5884 | D:7      | Received a gift from Nemelex Xobeh
  5930 | D:7      | Found a staircase to the Ecumenical Temple.
  5931 | D:7      | Identified a scroll of acquirement
  5931 | D:7      | Acquired a manual of Armour
  6132 | D:7      | Reached skill level 7 in Fighting
  6368 | D:7      | Received a gift from Nemelex Xobeh
  6481 | D:7      | Reached *** piety under Nemelex Xobeh
  6742 | D:7      | Found a shimmering blue altar of Sif Muna.
  7292 | D:8      | Reached skill level 5 in Invocations
  7441 | D:8      | Reached XP level 10. HP: 48/80 MP: 10/14
  7720 | D:8      | Reached skill level 8 in Fighting
  7897 | D:8      | Found a staircase to the Lair.
  8420 | Lair:1   | Entered Level 1 of the Lair of Beasts
  8696 | Lair:1   | Reached **** piety under Nemelex Xobeh
  8715 | Lair:1   | Received a gift from Nemelex Xobeh
  9114 | Lair:1   | Received a gift from Nemelex Xobeh
  9199 | Lair:1   | Noticed a black mamba
  9226 | Lair:1   | Killed a black mamba
  9231 | Lair:1   | Reached skill level 9 in Fighting
  9231 | Lair:1   | Reached XP level 11. HP: 72/89 MP: 14/16
  9784 | Lair:1   | Received a gift from Nemelex Xobeh
 10530 | Lair:2   | Found a staircase to the Snake Pit.
 10649 | Lair:2   | Found a staircase to the Swamp.
 11037 | Lair:2   | Reached ***** piety under Nemelex Xobeh
 11052 | Lair:2   | Received a gift from Nemelex Xobeh
 11596 | Lair:3   | Reached skill level 10 in Fighting
 11649 | Lair:3   | Identified the +0 quarterstaff of the Tooth {vorpal, Int+2
                  | Dex+4}
 11691 | Lair:3   | Gained mutation: A powerful demonic guardian rushes to your
                  | aid. [demonic ancestry]
 11691 | Lair:3   | Reached XP level 12. HP: 45/98 MP: 12/18
 12189 | D:9      | Received a gift from Nemelex Xobeh
 12764 | D:9      | Found a sacrificial altar of Ru.
 12824 | D:9      | Found a runed translucent door.
 12825 | D:9      | Found a shimmering altar of Xom.
 12825 | D:9      | Noticed kerekes's ghost (novice DrVM)
 13003 | D:10     | Entered Level 10 of the Dungeon
 13077 | D:10     | Received a gift from Nemelex Xobeh
 13191 | D:10     | Received a gift from Nemelex Xobeh
 13280 | D:10     | Noticed Joseph
 13293 | D:10     | Killed Joseph
 13577 | D:11     | Noticed a boulder beetle
 13616 | D:11     | Noticed a boulder beetle
 13655 | D:11     | Found a gate leading to a gauntlet.
 13664 | Gauntlet | Entered a Gauntlet
 13664 | Gauntlet | Found a transporter.
 13664 | Gauntlet | Found a transporter.
 13669 | Gauntlet | Noticed a death scarab
 13727 | Gauntlet | Found a transporter.
 13730 | Gauntlet | Found a transporter.
 13731 | Gauntlet | Found a transporter.
 13738 | Gauntlet | Found a transporter.
 13741 | Gauntlet | Found a transporter.
 13743 | Gauntlet | Found a transporter.
 13744 | Gauntlet | Found a transporter.
 13750 | Gauntlet | Noticed a great orb of eyes
 13758 | Gauntlet | Found a transporter.
 13839 | Gauntlet | Reached skill level 11 in Fighting
 13843 | Gauntlet | Killed a death scarab
 13844 | Gauntlet | Reached skill level 10 in Unarmed Combat
 14100 | Gauntlet | Reached skill level 10 in Dodging
 14244 | Gauntlet | Killed a great orb of eyes
 14252 | Gauntlet | Identified the +1 cloak "Obyfyjuc" {Int+5}
 14258 | Gauntlet | Noticed a reaper
 14303 | Gauntlet | Found a transporter.
 14317 | Gauntlet | Identified the +4 quarterstaff "Tuimnon" {freeze, Int+2}
 14317 | Gauntlet | Identified the ring of Aczur {Will+ Int+6}
 14317 | Gauntlet | Noticed a minotaur
 14327 | Gauntlet | Killed a minotaur
 14335 | Gauntlet | Got the Tome of Outbursts and Vitiation
 14366 | D:11     | Killed a boulder beetle
 14469 | D:11     | Received a gift from Nemelex Xobeh
 14563 | D:11     | Reached skill level 10 in Armour
 14739 | D:11     | Found a staircase to the Orcish Mines.
 14884 | D:11     | Noticed a two-headed ogre
 14886 | D:11     | Received a gift from Nemelex Xobeh
 14892 | D:11     | Killed a two-headed ogre
 14893 | D:11     | Reached XP level 13. HP: 88/106 MP: 15/20
 15688 | D:12     | Received a gift from Nemelex Xobeh
 15972 | D:12     | Received a gift from Nemelex Xobeh
 16347 | D:12     | Reached ****** piety under Nemelex Xobeh
 16592 | D:12     | Received a gift from Nemelex Xobeh
 16803 | D:12     | Reached skill level 12 in Fighting
 16803 | D:12     | Reached skill level 10 in Invocations
 18112 | Lair:3   | Found the +8 whip "Snakebite" {venom, curare, rPois}
 18450 | Lair:4   | Received a gift from Nemelex Xobeh
 18600 | Lair:4   | Found a viscous altar of Jiyva.
 18622 | Lair:4   | Received a gift from Nemelex Xobeh
 19031 | Lair:4   | Received a gift from Nemelex Xobeh
 19323 | Lair:5   | Entered Level 5 of the Lair of Beasts
 19408 | Lair:5   | Received a gift from Nemelex Xobeh
 19699 | Lair:5   | Received a gift from Nemelex Xobeh
 20091 | Lair:5   | Reached XP level 14. HP: 65/116 MP: 13/22
 20538 | Lair:5   | Reached skill level 13 in Fighting
 21267 | Orc:1    | Entered Level 1 of the Orcish Mines
 21381 | Orc:1    | Received a gift from Nemelex Xobeh
 22095 | Orc:2    | Entered Level 2 of the Orcish Mines
 22095 | Orc:2    | Noticed Jorgrun
 22107 | Orc:2    | Killed Jorgrun
 22379 | Orc:2    | Found a runed translucent gate.
 22379 | Orc:2    | Found a runed translucent gate.
 22379 | Orc:2    | Found a runed translucent gate.
 22380 | Orc:2    | Noticed an orc warlord
 22383 | Orc:2    | Noticed Stonecrops's ghost (journeyman FoFi)
 22423 | Orc:2    | Received a gift from Nemelex Xobeh
 22449 | Orc:2    | HP: 5/118 [orc warrior/+0 halberd[Saint Roka] (3)]
 22741 | Orc:2    | Found Hesmupel's Specific Store.
 22743 | Orc:2    | Found Qateo's General Store.
 22820 | Orc:2    | Noticed Saint Roka
 22840 | Orc:2    | Killed Saint Roka
 22855 | Orc:2    | Found Amurhan's Jewellery Emporium.
 22861 | Orc:2    | Found Qurraz's General Store.
 23000 | Orc:2    | Found Vafuenne's Antique Weapon Emporium.
 23081 | Orc:2    | Found Tocobb's Antique Armour Emporium.
 23148 | Orc:2    | Bought a potion of heal wounds for 85 gold pieces
 23485 | Orc:2    | Received a gift from Nemelex Xobeh
 23608 | Orc:2    | Found a staircase to the Elven Halls.
 23705 | Orc:2    | Found an iron altar of Okawaru.
 23739 | Orc:2    | Bought a brightly glowing chain mail for 285 gold pieces
 23739 | Orc:2    | Identified the +0 chain mail of the Storm King {rElec rC+}
                  | (You bought it in a shop on level 2 of the Orcish Mines)
 23740 | Orc:2    | Bought a glowing helmet for 225 gold pieces
 23767 | Orc:2    | Bought the amulet "Kuwk" {Spirit rF+ rCorr} for 744 gold
                  | pieces
 23826 | Orc:2    | Killed Stonecrops's ghost
 23834 | Orc:2    | Killed an orc warlord
 23840 | Orc:2    | Identified the +3 rapier of the Battered Knives {flame,
                  | Str+4}
 24170 | D:13     | Gained mutation: You are mostly covered in slimy green
                  | scales. (AC +3) [demonic ancestry]
 24170 | D:13     | Reached XP level 15. HP: 103/125 MP: 19/23
 24218 | D:13     | Reached skill level 14 in Fighting
 24767 | D:13     | Noticed Azrael
 24777 | D:13     | Killed Azrael
 25339 | D:13     | Found a gate to the Vaults.
 26388 | D:13     | Received a gift from Nemelex Xobeh
 26682 | Swamp:1  | Entered Level 1 of the Swamp
 26682 | Swamp:1  | Noticed Nikola
 26684 | Swamp:1  | an eleionoma changed into a frost giant
 26684 | Swamp:1  | Noticed a frost giant
 26684 | Swamp:1  | Nikola changed into Nikola the iron dragon
 26684 | Swamp:1  | Noticed Nikola
 26689 | Swamp:1  | Killed a frost giant
 26693 | Swamp:1  | Killed Nikola the iron dragon
 26848 | Swamp:1  | Upgraded the game from 0.30-a0-243-gaa749bd8e4 to
                  | 0.30-a0-253-g6b895097cc
 27386 | Swamp:1  | Received a gift from Nemelex Xobeh
 28779 | Swamp:1  | Reached skill level 5 in Stealth
 28805 | Swamp:1  | Reached skill level 15 in Fighting
 28805 | Swamp:1  | Gained mutation: When hurt, damage is shared between your
                  | health and your magic reserves. [demonic ancestry]
 28805 | Swamp:1  | Reached XP level 16. HP: 117/130 MP: 23/25
 29637 | D:9      | Killed kerekes's ghost
 30042 | D:14     | Found Qongurph's General Store.
 30377 | D:14     | Received a gift from Nemelex Xobeh
 30959 | D:15     | Entered Level 15 of the Dungeon
 31068 | D:15     | Received a gift from Nemelex Xobeh
 31106 | D:15     | Found a staircase to the Depths.
 31116 | D:15     | Identified the +5 rapier "Luhiuniw" {freeze, Int+3 Dex+4}
 32269 | Depths:1 | Entered Level 1 of the Depths
 32318 | Depths:1 | Found a magical portal.
 32327 | WizLab   | Entered The Chambers of the Cloud Mage
 32327 | WizLab   | Received a gift from Nemelex Xobeh
 32334 | WizLab   | Paralysed by an air elemental for 1 turns
 32338 | WizLab   | Paralysed by an air elemental for 1 turns
 32349 | WizLab   | Paralysed by an air elemental for 1 turns
 32651 | WizLab   | Paralysed by an air elemental for 1 turns
 32890 | WizLab   | Paralysed by an air elemental for 1 turns
 32893 | WizLab   | Paralysed by an air elemental for 1 turns
 32900 | WizLab   | Paralysed by an air elemental for 1 turns
 32993 | WizLab   | Gained mutation: You are robust. (+10% HP) [potion of
                  | mutation]
 32993 | WizLab   | Gained mutation: Your movements are slightly less
                  | encumbered by armour. (ER -2) [potion of mutation]
 32993 | WizLab   | Gained mutation: You occasionally lose the ability to drink
                  | potions when taking damage. [potion of mutation]
 32993 | WizLab   | Gained mutation: You have a pair of small horns on your
                  | head. [potion of mutation]
 32994 | WizLab   | Lost mutation: You have a pair of small horns on your head.
                  | [potion of mutation]
 32994 | WizLab   | Lost mutation: You are robust. (+10% HP) [potion of
                  | mutation]
 32994 | WizLab   | Gained mutation: You are strong-willed. (Will+) [potion of
                  | mutation]
 32995 | WizLab   | Lost mutation: You occasionally lose the ability to drink
                  | potions when taking damage. [potion of mutation]
 32995 | WizLab   | Lost mutation: You are strong-willed. (Will+) [potion of
                  | mutation]
 32995 | WizLab   | Lost mutation: Your movements are slightly less encumbered
                  | by armour. (ER -2) [potion of mutation]
 32995 | WizLab   | Gained mutation: You expend magic power (3 MP) to
                  | strengthen your wands. [potion of mutation]
 32995 | WizLab   | Lost mutation: You expend magic power (3 MP) to strengthen
                  | your wands. [potion of mutation]
 32995 | WizLab   | Gained mutation: You expend magic power (3 MP) to
                  | strengthen your wands. [potion of mutation]
 32995 | WizLab   | Gained mutation: You have a pair of small horns on your
                  | head. [potion of mutation]
 33278 | WizLab   | Paralysed by an air elemental for 1 turns
 33583 | WizLab   | Identified the ring of Intercession {Fly rPois}
 33586 | WizLab   | Paralysed by an air elemental for 1 turns
 33590 | WizLab   | Paralysed by an air elemental for 1 turns
 33633 | WizLab   | Paralysed by you for 4 turns
 33854 | WizLab   | Paralysed by an air elemental for 1 turns
 33918 | WizLab   | Paralysed by an air elemental for 1 turns
 33921 | WizLab   | Paralysed by an air elemental for 1 turns
 34189 | WizLab   | HP: 6/138 [poison (dark miasma)]
 34719 | WizLab   | Noticed Julyseph
 34738 | WizLab   | Killed Julyseph the Cloud Mage
 34870 | WizLab   | Got the Omnibus of Vapour
 34945 | Depths:1 | Lost mutation: You have a pair of small horns on your head.
                  | [potion of mutation]
 34945 | Depths:1 | Lost mutation: You expend magic power (3 MP) to strengthen
                  | your wands. [potion of mutation]
 34945 | Depths:1 | Gained mutation: You have a pair of small horns on your
                  | head. [potion of mutation]
 34945 | Depths:1 | Gained mutation: Your body sometimes deteriorates upon
                  | taking damage. [potion of mutation]
 34945 | Depths:1 | Gained mutation: Your system is resistant to poisons.
                  | (rPois) [potion of mutation]
 34946 | Depths:1 | Lost mutation: Your system is resistant to poisons. (rPois)
                  | [potion of mutation]
 34946 | Depths:1 | Lost mutation: You have a pair of small horns on your head.
                  | [potion of mutation]
 34946 | Depths:1 | Lost mutation: Your body sometimes deteriorates upon taking
                  | damage. [potion of mutation]
 34946 | Depths:1 | Gained mutation: You are vulnerable to heat. (rF-) [potion
                  | of mutation]
 34946 | Depths:1 | Gained mutation: Your natural rate of healing is unusually
                  | fast. [potion of mutation]
 35167 | Depths:1 | Found a portal to a secret trove of treasure.
 35266 | Depths:1 | Received a gift from Nemelex Xobeh
 35299 | Depths:1 | Gained mutation: Your touch may irresistibly damage your
                  | foes and sap their willpower. [demonic ancestry]
 35299 | Depths:1 | Reached XP level 17. HP: 131/144 MP: 23/27
 35324 | Depths:1 | Reached skill level 16 in Fighting
 35429 | Depths:1 | Found a gateway to Hell.
 35511 | Depths:1 | Found an iron altar of Okawaru.
 36129 | Orc:2    | Bought a scroll of blinking for 90 gold pieces
 36129 | Orc:2    | Bought a potion of might for 48 gold pieces
 36129 | Orc:2    | Bought a scroll of summoning for 114 gold pieces
 36219 | Orc:2    | Bought a scroll of teleportation for 51 gold pieces
 36219 | Orc:2    | Bought a potion of curing for 51 gold pieces
 36271 | Elf:1    | Entered Level 1 of the Elven Halls
 36292 | Elf:1    | Found a radiant altar of Vehumet.
 36333 | Elf:1    | Paralysed by an air elemental for 1 turns
 36336 | Elf:1    | Paralysed by an air elemental for 1 turns
 36367 | Elf:1    | Found a frozen archway.
 36377 | IceCv    | Entered an ice cave
 36481 | IceCv    | Reached skill level 1 in Evocations
 37098 | IceCv    | Reached skill level 15 in Dodging
 37313 | Elf:1    | Paralysed by an air elemental for 1 turns
 37315 | Elf:1    | Reached skill level 15 in Unarmed Combat
 37318 | Elf:1    | Paralysed by an air elemental for 1 turns
 37324 | Elf:1    | Paralysed by an air elemental for 1 turns
 37346 | Elf:1    | Paralysed by an air elemental for 1 turns
 37349 | Elf:1    | Paralysed by an air elemental for 1 turns
 37351 | Elf:1    | Paralysed by an air elemental for 1 turns
 37354 | Elf:1    | Paralysed by an air elemental for 1 turns
 37522 | Elf:1    | Identified the -1 trident "Xosir" {vorpal, Str+2}
 37636 | Elf:1    | Found Locutwid's Jewellery Emporium.
 37640 | Elf:1    | Found Rismefas's Weapon Emporium.
 37661 | Elf:1    | Received a gift from Nemelex Xobeh
 37782 | Elf:1    | Identified the +6 dagger of Mourning {venom, Int+2}
 38254 | Elf:1    | Found Milathrao's Weapon Shoppe.
 38393 | Elf:1    | Received a gift from Nemelex Xobeh
 39841 | Swamp:3  | Received a gift from Nemelex Xobeh
 40380 | Swamp:3  | Acquired the +15 Maxwell's patent armour {-Cast -Tele rElec
                  | Will+ rCorr}
 40380 | Swamp:3  | Found the +15 Maxwell's patent armour {-Cast -Tele rElec
                  | Will+ rCorr}
 40457 | Swamp:3  | Identified the +6 dagger "Ohatram" {freeze, *Corrode rC++
                  | Dex+4}
 40514 | Swamp:3  | Found a runed translucent gate.
 40519 | Swamp:3  | Found a runed translucent gate.
 40519 | Swamp:3  | Found a runed translucent gate.
 40520 | Swamp:3  | Noticed borntocrawl's ghost (adept OgCA)
 40520 | Swamp:3  | Noticed Morbidden's ghost (adept DrMo)
 40983 | Swamp:3  | Upgraded the game from 0.30-a0-253-g6b895097cc to
                  | 0.30-a0-266-g2b27a225a3
 40997 | Swamp:4  | Entered Level 4 of the Swamp
 41016 | Swamp:4  | Reached XP level 18. HP: 142/153 MP: 27/29
 41129 | Swamp:4  | Identified the +5 scale mail of Fedhas's Supremacy {Harm
                  | rElec}
 41194 | Swamp:4  | Reached skill level 17 in Fighting
 41285 | Swamp:4  | Noticed a tentacled monstrosity
 41295 | Swamp:4  | Reached skill level 15 in Invocations
 41305 | Swamp:4  | Killed a tentacled monstrosity
 41462 | Swamp:4  | Noticed Donald
 41474 | Swamp:4  | Killed Donald
 41708 | Swamp:4  | Noticed the 27-headed Lernaean hydra
 41716 | Swamp:4  | Killed the 27-headed Lernaean hydra
 41965 | Swamp:4  | Got a decaying rune of Zot
 42050 | Swamp:4  | Received a gift from Nemelex Xobeh
 42694 | Elf:1    | Bought a ring of poison resistance for 300 gold pieces
 42915 | Snake:1  | Entered Level 1 of the Snake Pit
 42985 | Snake:1  | Found Qoriypeo's Antique Armour Shoppe.
 42987 | Snake:1  | Found Huff's Book Shoppe.
 42987 | Snake:1  | Found Wusaiveew's Assorted Antiques.
 43017 | Snake:1  | Found Nebioreh's Antique Weapon Emporium.
 43247 | Snake:1  | Received a gift from Nemelex Xobeh
 43684 | Snake:1  | Found Qoriypeo's Antique Armour Shoppe.
 43686 | Snake:1  | Found Huff's Book Shoppe.
 43686 | Snake:1  | Found Wusaiveew's Assorted Antiques.
 43691 | Snake:1  | Found Nebioreh's Antique Weapon Emporium.
 44119 | Snake:2  | Received a gift from Nemelex Xobeh
 44413 | Snake:2  | Reached skill level 5 in Evocations
 45563 | Snake:3  | Received a gift from Nemelex Xobeh
 46223 | Snake:3  | Found Ibrublusch's Antique Weapon Boutique.
 46380 | Snake:4  | Entered Level 4 of the Snake Pit
 46938 | Snake:4  | Gained mutation: You punish those that try to bend your
                  | will. (Will+) [demonic ancestry]
 46938 | Snake:4  | Reached XP level 19. HP: 152/162 MP: 30/30
 47015 | Snake:4  | Upgraded the game from 0.30-a0-266-g2b27a225a3 to
                  | 0.30-a0-1113-ga8025317a9
 47155 | Snake:4  | Reached skill level 15 in Armour
 47742 | Snake:4  | Received a gift from Nemelex Xobeh
 47786 | Snake:4  | Reached skill level 18 in Fighting
 48012 | Snake:4  | Got a serpentine rune of Zot
 48937 | Elf:2    | Received a gift from Nemelex Xobeh
 49048 | Elf:2    | Found a runed translucent gate.
 49048 | Elf:2    | Found a runed translucent gate.
 49048 | Elf:2    | Found a runed translucent gate.
 49221 | Elf:2    | Found Ilabb's Book Shop.
 49529 | Elf:2    | Received a gift from Nemelex Xobeh
 49791 | Elf:2    | Received a gift from Nemelex Xobeh
 50062 | Elf:1    | Found a radiant altar of Vehumet.
 50189 | D:10     | Upgraded the game from 0.30-a0-1113-ga8025317a9 to
                  | 0.30-a0-1160-g6e42c06551
 50300 | Depths:2 | Found Xaitzyrr's Overcharged Wands.
 50472 | Depths:2 | Found a flickering gateway to a bazaar.
 50486 | Bazaar   | Entered a bazaar
 50486 | Bazaar   | Received a gift from Nemelex Xobeh
 50486 | Bazaar   | Found Dappoatt's Antique Armour Shop.
 50540 | Bazaar   | Found Toig's Distillery.
 50566 | Bazaar   | Found Gazxar's Antique Weapon Shop.
 50604 | Bazaar   | Bought a potion of heal wounds for 55 gold pieces
 50604 | Bazaar   | Bought a potion of ambrosia for 88 gold pieces
 50604 | Bazaar   | Bought a potion of heal wounds for 55 gold pieces
 50604 | Bazaar   | Bought a potion of might for 44 gold pieces
 50604 | Bazaar   | Bought a potion of resistance for 110 gold pieces
 50604 | Bazaar   | Bought a potion of curing for 33 gold pieces
 50604 | Bazaar   | Bought a potion of haste for 110 gold pieces
 50604 | Bazaar   | Bought a potion of flight for 33 gold pieces
 50604 | Bazaar   | Bought a potion of mutation for 88 gold pieces
 50604 | Bazaar   | Bought a potion of mutation for 88 gold pieces
 50745 | Depths:2 | Found a one-way gate leading to the halls of Pandemonium.
 50764 | Depths:2 | Reached XP level 20. HP: 159/172 MP: 30/32
 51018 | Depths:2 | Paralysed by a floating eye for 2 turns
 51315 | Depths:2 | Received a gift from Nemelex Xobeh
 51411 | Depths:2 | Noticed a doom hound
 51423 | Depths:2 | Killed a doom hound
 51511 | Depths:2 | Reached skill level 19 in Fighting
 51528 | Depths:2 | Identified the ring "Kedwini" {+Blink rElec rF+ Will-
                  | Dex+3}
 51655 | Depths:2 | Found an ancient bone altar of Kikubaaqudgha.
 52000 | Depths:2 | Lost mutation: Your natural rate of healing is unusually
                  | fast. [potion of mutation]
 52000 | Depths:2 | Lost mutation: You are vulnerable to heat. (rF-) [potion of
                  | mutation]
 52000 | Depths:2 | Gained mutation: Your movements are slightly less
                  | encumbered by armour. (ER -2) [potion of mutation]
 52000 | Depths:2 | Gained mutation: You are agile. (Dex +4, Str/Int -1)
                  | [potion of mutation]
 52000 | Depths:2 | Gained mutation: You are frail. (-10% HP) [potion of
                  | mutation]
 52000 | Depths:2 | Lost mutation: You are frail. (-10% HP) [potion of
                  | mutation]
 52694 | Depths:3 | Found a one-way gate to the infinite horrors of the Abyss.
 52828 | Depths:3 | Found Upemp's Book Boutique.
 52965 | Depths:3 | Noticed a golden dragon
 52974 | Depths:3 | Killed a golden dragon
 52985 | Depths:3 | Noticed a juggernaut
 53008 | Depths:3 | HP: 5/174 [fire giant/fireball (11)]
 53009 | Depths:3 | HP: 1/174 [fire giant/bolt of fire (4)]
 53425 | Depths:3 | Received a gift from Nemelex Xobeh
 53484 | Depths:3 | Identified the +0 robe "Ucuricing" {Dex+3}
 53488 | Depths:3 | You fall into a shaft and drop 1 floor!
 53488 | Depths:4 | Entered Level 4 of the Depths
 53488 | Depths:4 | Found a transporter.
 53488 | Depths:4 | Found a transporter.
 53488 | Depths:4 | Found a transporter.
 53512 | Depths:4 | Found a transporter.
 53645 | Depths:4 | Found a blossoming altar of Fedhas.
 54212 | Depths:4 | Received a gift from Nemelex Xobeh
 54267 | Depths:4 | Gained mutation: You are completely covered in slimy green
                  | scales. (AC +4, rPois) [demonic ancestry]
 54267 | Depths:4 | Reached XP level 21. HP: 77/181 MP: 23/33
 54635 | Depths:4 | Found a corrupted altar of Lugonu.
 54707 | Depths:4 | Found a gate to the Realm of Zot.
 55035 | Depths:4 | Upgraded the game from 0.30-a0-1160-g6e42c06551 to
                  | 0.31-a0-145-g046c7d2549
 55093 | Depths:3 | Killed a juggernaut
 55957 | Depths:3 | Found a one-way gateway to a ziggurat.
 55983 | Depths:3 | Received a gift from Nemelex Xobeh
 56540 | Depths:3 | Reached skill level 20 in Fighting
 57906 | Vaults:1 | Entered Level 1 of the Vaults
 57964 | Vaults:1 | Found a crumbling gateway.
 57971 | Desolati | Entered the Desolation of Salt
 57971 | Desolati | Received a gift from Nemelex Xobeh
 57994 | Desolati | Identified the +3 demon trident "Witixoex" {flame, Contam
                  | rElec Int+2}
 58120 | Desolati | HP: 3/182 [ragged hierophant/a resonance strike (20)]
 58120 | Desolati | Killed from afar by a ragged hierophant

Illustrated notes

Levels and vault maps discovered:
D:1:      minmay_arrival_split_and_join, layout_loops_ring,
          nicolae_ecumenical_snake_handling
D:2:      layout_rooms, basic_altar, minmay_between
D:3:      layout_loops_ring
D:4:      layout_cave_pods, vehumet_statue, serial_shops,
          nicolae_shop_bloodbath_and_beyond, minmay_bisected, uniq_ijyb
D:5:      layout_rooms, bloody_makhleb,
          nicolae_gozag_cash_rules_everything_around_me, gup_sewer_entry_glass,
          uniq_blork_the_orc, uniq_sigmund, uniq_edmund
D:6:      layout_basic, ashenzari_altar_1, minmay_unpleasant_kobolds,
          uniq_crazy_yiuf_cottage
D:7:      layout_gridville, nicolae_sif_muna_little_library, temple_pool_b,
          kennysheep_generic_room_12
D:8:      corexii_shantytown, layout_loops_corners,
          grunt_lair_entry_orc_guard_hut
D:9:      layout_basic, nicolae_ru_path_of_blood, ebering_ghost_xom
D:10:     layout_rooms, uniq_joseph
D:11:     layout_loops_ring, minmay_orc_entry_guard_dogs, gauntlet_entry_generic
D:12:     layout_stronghold, serial_column_ruins, column_ruins_open_tiny,
          column_ruins_columns_corner, column_ruins_open_small,
          column_ruins_open_tiny
D:13:     cheibrodos_fzero, layout_loops_ring, ximxim_vaults_locker_room,
          kennysheep_generic_room_7, uniq_azrael
D:14:     layout_stronghold, serial_shops, nicolae_shop_advertising_works
          [nicolae_subvault_shop_adworks], infiniplex_staircase_pool_2
D:15:     hangedman_depths_entry_civil_slaughter, layout_rooms, hex_tiny,
          special_room [special_room_mythical_zoo], minmay_fountain_box
Lair:1:   layout_layer_cave, serial_rivers, chequers_serial_rivers_micro_b,
          chequers_serial_rivers_micro_c, chequers_serial_rivers_micro_e,
          chequers_serial_rivers_large_a, lemuel_old_faithful
Lair:2:   layout_loops_ring, swamp_mist_pool, guppyfry_snake_entry_island
Lair:3:   minmay_guarded_unrand_snakebite, layout_gridlike, grunt_megastairs_3,
          infiniplex_staircase_pool
Lair:4:   layout_long_grid, minmay_slime_entry_oklob_enclosed
Lair:5:   evilmike_catoblepas_cave, layout_gridlike,
          chequers_serial_rivers_small_3, guppyfry_lair_drakes,
          lemuel_fruit_tree, serial_bayou_shore_b
Swamp:1:  nicolae_swamp_flooded_prison, layout_falls_marsh,
          evilmike_swamp_ruin_wall, swamp_pool1, uniq_nikola
Swamp:2:  layout_basic_swamp, evilmike_swamp_ruin_rubble_2
Swamp:3:  layout_basic_swamp, gammafunk_ghost_cemetery,
          evilmike_swamp_ruin_rubble_1, swamp_pool4
Swamp:4:  swamp_old_school, layout_basic_swamp, swamp_pool5, uniq_donald
Snake:1:  layout_concentric_octagons, minmay_shoptagon
Snake:2:  layout_cave_pods, nicolae_snake_salamander_jacuzzi
Snake:3:  layout_onion, serial_shops, nicolae_shop_hallway_stairs
Snake:4:  grunt_snake_rune_spirals, layout_onion_interference,
          nrook_guardian_serpent_double
Orc:1:    layout_diamond_mine, mines2_david
Orc:2:    grunt_orc_cross, layout_caves, gammafunk_ghost_fury_of_okawaru,
          nicolae_specific_store, uniq_jorgrun
Elf:1:    eino_elf_arrival_altar, layout_gridlike,
          portal_ice_cave_entry_ice_simulacra, serial_shops, shop, minivault_28,
          minmay_shop_star, lemuel_upstairs_altar
Elf:2:    elven_hall_of_blades_hangedman_original [nicolae_blade_tridents],
          layout_geoelf_grid, serial_shops, nicolae_shop_stone, drop_trap
Vaults:1: portal_desolation_entry_ruin, v_misc_23, v_misc_8,
          vaults_mumra_chevron_long, hangedman_vaults_snaps, v_misc_11,
          hangedman_vaults_corner_blocks, vaults_dpeg_hooks,
          layout_vaults_chaotic_city
Depths:1: layout_roguey, mu_enter_wizlab_3, pf_hell_entry_tar_spiral,
          nicolae_trove_entry_diagonal, grunt_ministairs_10, okawaru_trees_1
Depths:2: lemuel_vampire_tower, layout_basic, nicolae_wwwww,
          grunt_mini_vestibule, serial_shops, bzr_entry_customers, pan_entry,
          dreamdust_wishing_well, nicolae_shop_overcharged_wands
Depths:3: minmay_four_inscribed_fans, layout_long_grid, enter_ziggurat_d,
          serial_shops, nicolae_shop_behind_doors, pf_hell_entry_great_geh,
          abyss_entry_glasseish
Depths:4: evilmike_zot_entry_basic, layout_gridville, fedhas_altar_2,
          hell_entry, abyss_entry_flame_altar, minmay_misc_feat_plants,
          nicolae_diode_intersection
Desolation

Skill      XL: |  1  2  3  4  5  6  7  8  9 10 11 12 13 14 15 16 17 18 19 20 21 |
---------------+----------------------------------------------------------------+-----
Dodging        | 2 3 4 5 6 7 9 10 11 12 13 14 15 16 17 18 | 18.6
Unarmed Combat | 2 3 4 5 6 7 9 10 11 12 13 14 15 16 17 18 | 18.6
Armour         | 1 2 3 4 5 6 7 8 10 11 12 13 14 15 16 | 16.2
Fighting       | 4 5 6 7 9 10 11 12 13 15 16 17 18 19 20 | 20.2
Invocations    | 2 3 5 6 8 9 10 11 13 14 15 16 17 18 | 18.0
Stealth        | 5 6 |  6.0
Evocations     | 3 5 6 |  6.0

Action                     |  1- 3 |  4- 6 |  7- 9 | 10-12 | 13-15 | 16-18 | 19-21 || total
---------------------------+-------+-------+-------+-------+-------+-------+-------++-------
  Melee: Unarmed           |   132 |   273 |   379 |   787 |  1189 |  1579 |  1546 ||  5885
         Punch             |     3 |     8 |     9 |    50 |   106 |   181 |   221 ||   578
         Touch             |       |    43 |    81 |   158 |   247 |   325 |   376 ||  1230
         Headbutt          |       |       |       |       |       |    37 |       ||    37
 Invoke: Draw Destruction  |       |       |     1 |    15 |    50 |    37 |    44 ||   147
         Draw Summoning    |       |       |     1 |     4 |    11 |    17 |    14 ||    47
         Draw Escape       |       |       |       |     1 |     2 |     5 |    22 ||    30
         Triple Draw       |       |       |       |     1 |       |       |     2 ||     3
         Deal Four         |       |       |       |       |       |     1 |     1 ||     2
         Stack Five        |       |       |       |       |       |       |     1 ||     1
         Draw Stack        |       |       |       |       |       |       |     2 ||     2
  Evoke: Wand              |     1 |       |     5 |     4 |    10 |    34 |    18 ||    72
         Lightning rod     |       |       |       |       |     7 |    12 |    22 ||    41
         Phantom mirror    |       |       |       |       |     2 |     1 |     5 ||     8
         Tin of tremorston |       |       |       |       |       |     2 |       ||     2
    Use: Potion            |     4 |       |       |     2 |     5 |    13 |    27 ||    51
         Scroll            |     2 |     1 |    12 |     5 |     8 |    15 |    19 ||    62
   Stab: Sleeping          |     2 |    12 |     4 |       |       |       |       ||    18
         Distracted        |       |     2 |       |       |     2 |     5 |     7 ||    16
         Petrifying        |       |       |       |     2 |       |       |       ||     2
         Invisible         |       |       |       |       |     4 |     7 |     1 ||    12
         Confused          |       |       |       |       |     1 |       |     1 ||     2
         Fleeing           |       |       |       |       |       |     1 |       ||     1
 Armour: Leather armour    |    28 |    21 |       |       |       |       |       ||    49
         Ring mail         |       |    69 |    55 |       |       |       |       ||   124
         Chain mail        |       |       |   245 |   483 |   789 |   725 |       ||  2242
         Plate armour      |       |       |       |       |       |   664 |  1081 ||  1745
         Gold dragon scale |       |       |       |       |       |       |   218 ||   218
  Dodge: Dodged            |    60 |   162 |   205 |   369 |   754 |  1067 |   920 ||  3537

Table legend: (Time is in decaauts)
 A = Elapsed time spent in this place.
 B = Non-inter-level travel time spent in this place.
 C = Inter-level travel time spent in this place.
 D = Time resting spent in this place.
 E = Time spent auto-exploring this place.
 F = Levels seen in this place.
 G = Mean time per level.
                   A        B        C        D        E       F      G
               +--------+--------+--------+--------+--------+-----+--------+
         Total |  57260 |  52449 |   4811 |  11785 |  29652 |  43 | 1331.6 |
       Dungeon |  17745 |  16012 |   1733 |   1475 |  11600 |  15 | 1183.0 |
          Lair |   8214 |   7050 |   1164 |    822 |   5114 |   5 | 1642.8 |
         Swamp |   6732 |   6378 |    354 |   2331 |   2663 |   4 | 1683.0 |
     Snake Pit |   5490 |   5061 |    429 |    724 |   3275 |   4 | 1372.5 |
  Orcish Mines |   3112 |   2698 |    414 |    533 |   1660 |   2 | 1556.0 |
   Elven Halls |   2660 |   2309 |    351 |    349 |   1360 |   2 | 1330.0 |
        Vaults |     64 |     64 |      0 |     31 |      0 |   1 |   64.0 |
        Depths |   7980 |   7617 |    363 |   2604 |   3314 |   4 | 1995.0 |
        Bazaar |    131 |    131 |      0 |      0 |     85 |   1 |  131.0 |
         Sewer |    856 |    856 |      0 |    297 |    231 |   1 |  856.0 |
      Ice Cave |    898 |    898 |      0 |    276 |    248 |   1 |  898.0 |
        Wizlab |   2556 |   2556 |      0 |   1896 |     90 |   1 | 2556.0 |
    Desolation |    119 |    119 |      0 |      6 |      0 |   1 |  119.0 |
      Gauntlet |    695 |    695 |      0 |    440 |     10 |   1 |  695.0 |
               +--------+--------+--------+--------+--------+-----+--------+

Top non-repeatable levels by time:
Depths:3: 3173 daAuts
 Swamp:1: 2956 daAuts
  WizLab: 2556 daAuts
Depths:2: 2378 daAuts
  Lair:1: 2305 daAuts
   Orc:2: 2235 daAuts
    D:12: 2189 daAuts
  Lair:5: 1778 daAuts
     D:8: 1718 daAuts
 Snake:4: 1694 daAuts
    D:13: 1676 daAuts
  Lair:2: 1636 daAuts
     D:9: 1632 daAuts
Depths:4: 1513 daAuts
  Lair:3: 1502 daAuts
